cohdb
Replays
Latest Replays
All Replays
Popular Replays
Top Player Replays
Match Explorer
How It Works
Community
CoH3 Stats
Reddit
Sign in to upload your games and track your stats! →
Sign in with Steam
Match 35406994
Unlisted
Match 35406994
Overview
Messages
Build Orders
End
Panzergrenadier Squad
250 Light Carrier
Panzergrenadier Squad
Selects Armored Support Battlegroup
Construct Light Support Kompanie
MG34 Team
2.5-tonne Medical Truck
Fire Support Elements
le.IG 18 Mechanized Group
2.5-tonne Medical Truck
Selects Salvage Kits
Construct Mechanized Kompanie
Veteran Squad Leaders
Construct Panzerarmee Kommand
Pak 38 Mechanized Group
Flak 36 Anti-tank Gun Team
Armored Reserves
Vehicle Survival Package
MG34 Team
Panzergrenadier Squad
2.5-tonne Medical Truck
StuG Assault Group
Tungsten Core Ammunition
Emergency Repair Kits
Selects Superior Fire Drills
2.5-tonne Medical Truck
Panzergrenadier Squad
Panzergrenadier Squad
Advanced Field Repairs
MG34 Team
StuG Assault Group
Brick_Johnson
stully17
dj pauly d gtl
I Wumbo, You Wumbo
jackal2150
Fujimura
ds
....
0
0
Comments
sign in to comment!
No comments posted yet!